AoeStats
← Crow

Nomad

510917263Analyzed
2v2 RM · 15h ago on Oct 3, 2026· 91m 8s· 4 players
Game mode
Random Map
Map size
176×176
Population
200
Speed
Normal
Resources
Standard
Victory
Conquest
Starting age
Dark Age
Ending age
Imperial Age
RankedLock teamsTeams togetherTeam positionsShared explorationLock speedFull tech treeHidden civsTurbo modeCheats
Victory
Defeat
🇦🇷 Khmer · Argentina
922
+15
🇷🇺 Celts · Russia
881
+38
🇨🇱 Portuguese · Chile
900
-16
🇨🇱 Japanese · Chile
882
-15
BOBBYREAL33
24:17 Feudal Age
31:49 Castle Age
31:06 Man-at-Arms
31:57 Long Swordsman
36:13 Arson
80:15 Imperial Age
80:27 Capped Ram
81:24 Elite Woad Raider
82:39 Furor Celtica
88:59 Spies/Treason
Cheu7855
4:51 Loom
14:40 Feudal Age
18:24 Castle Age
33:16 Imperial Age
33:25 Ballistics
38:34 Light Cavalry
39:47 Bloodlines
40:31 Horse Collar
41:55 Hussar
42:52 Husbandry
45:16 Elite Ballista Elephant
46:12 Scale Barding Armor
46:32 Heavy Plow
46:26 Gold Mining
46:26 Stone Mining
48:58 Chain Barding Armor
52:18 Plate Barding Armor
51:54 Forging
54:45 Iron Casting
60:43 Blast Furnace
62:03 Elite Battle Elephant
64:34 Tusk Swords
75:03 Double Crossbow
75:00 Heavy Scorpion
79:14 Double-Bit Axe
82:57 Chemistry
82:33 Siege Engineers
89:30 Wheelbarrow
88:40 Town Watch
Crow
4:56 Loom
20:05 Feudal Age
24:30 Horse Collar
30:07 Fletching
34:30 Castle Age
33:19 Double-Bit Axe
36:08 Town Watch
36:43 Bow Saw
36:55 Heavy Plow
43:54 Imperial Age
42:41 Circumnavigation
42:15 Light Cavalry
42:58 Husbandry
45:08 Onager
47:28 Wheelbarrow
53:18 Two-Man Saw
55:06 Cavalier
56:48 Scale Barding Armor
67:00 Pikeman
68:19 Scale Mail Armor
68:30 Forging
68:08 Halberdier
69:08 Chain Mail Armor
68:53 Fletching
71:44 Plate Mail Armor
71:53 Iron Casting
73:26 Blast Furnace
77:13 Bodkin Arrow
83:08 Chain Barding Armor
83:28 Bloodlines
83:24 Bracer
Magocuro
15:16 Feudal Age
17:42 Fishing Lines
18:18 Fletching
18:36 Loom
22:05 Town Watch
24:49 Castle Age
25:22 Gillnets
28:59 Fervor
33:08 Gold Mining
33:10 Stone Mining
33:19 Stone Mining
40:50 Imperial Age
39:35 Ballistics
39:11 Murder Holes
39:27 Masonry
39:10 Guard Tower
39:41 Masonry
39:27 Murder Holes
41:35 Ballistics
40:56 Treadmill Crane
41:42 Ballistics
44:18 Conscription
43:46 Capped Ram
44:51 Conscription
50:27 Elite Samurai
55:51 Forging
56:35 Double-Bit Axe
58:33 Bow Saw
63:06 Iron Casting
62:32 Scale Mail Armor
63:39 Gold Shaft Mining
63:10 Horse Collar
66:04 Blast Furnace
74:43 Squires
74:45 Gambesons
75:26 Kataparuto
75:08 Yasama
75:15 Yasama
74:39 Pikeman
82:11 Scale Barding Armor
82:22 Chain Mail Armor
83:12 Halberdier
Connection lost

Rejoining the realm…

Still unreachable

The connection could not be restored.

Session expired

The server has moved on; the page needs a fresh start.